 BcadrenCrawl: Boulder Brew version 0.03.2-2-g6b9ff91 (webtiles) character file.

Game seed: 10385079453090268658, levelgen mode: deterministic

46 Kalegnar the Gusty (level 3, 0/4 HPs) Fairy Air Elementalist. Began on Dec 24, 2020. Slain by a leopard gecko (1 damage) ... on level 2 of the Dungeon. The game lasted 00:02:22 (668 turns).

Kalegnar the Gusty (Fairy Air Elementalist)          Turns: 668, Time: 00:02:22

Health: 0/4        AC:  0    Str:  2    XL:     3 ^: 31
Magic:  3/3        EV:  8    Int: 18    God:
Gold:   130        SH:  0    Dex: 17    Spells: 2/8 levels left

rFire    . . .     Vision   .   (no jewelry)
rCold    . . .     Gourm    .
rNeg     . . .     Faith    .
rPois    .         Spirit   .
rElec    .         Reflect  .
rCorr    .         Harm     .
MR       .....
Stlth    +.........
HPRegen  0.11/turn
MPRegen  0.13/turn

@: flying, glowing, slow
A: tiny, no armour or weapons, only one jewelry slot, no melee attacks, fairy
magic, fairy shield, fairy light, decreased potion and divine healing, slowness
1, able to fly, insubstantial
a: Stop Flying


You were on level 2 of the Dungeon.
You were not hungry.

You visited 1 branch of the dungeon, and saw 2 of its levels.

You collected 130 gold pieces.

Inventory:

Scrolls
 c - a scroll of fear
 d - a scroll of magic mapping
Potions
 a - 4 potions of brilliance
 e - a potion of might
 f - a potion of heal wounds
 g - a potion of invisibility
Comestibles
 b - a ration


   Skills:
 - Level 2.6 Dodging
 - Level 1.4 Stealth
 + Level 3.2 Spellcasting
 * Level 4.1 Air Magic


You had 2 spell levels left.
You knew the following spells:

 Your Spells              Type           Power        Failure   Level  Hunger
a - Shock                 Air            17 (25)      3%          1    None
b - Swiftness             Chrm/Air       10 (100)     11%         2    ##.....
c - Static Discharge      Air            17 (100)     9%          3    ###....

Your spell library contained the following spells:

 Spells                   Type           Power        Failure   Level  Hunger
 Airstrike                Air            17 (200)     28%         4    ####...
 Lightning Bolt           Air            17 (200)     63%         5    ######.


Dungeon Overview and Level Annotations

Branches:
Dungeon (2/8)

Altars:


Innate Abilities, Weirdness & Mutations

You are too small to use any gear.
You can wear a single ring or amulet completely around your body.
You are incapable of melee of any kind.
Your magic reserves are extremely low but spells that normally cost one mana are free and all other spells cost one mana.
You are extremely frail but all attacks that strike you do exactly one damage.
You exude a bright light in a small radius around yourself.
The effect of potions and godly healing effects is reduced to match your tiny health and magic reserves.
You cover ground slowly.
You can fly continuously.
Your insubstantial form boosts your evasion and grants immunity to sticky flames, nets and constriction.


Message History

The leopard gecko hisses angrily.
The leopard gecko moves out of view.
The leopard gecko bites you (2).
Casting: Shock (safe; 3% risk of failure)
Confirm with . or Enter, or press ? or * to list all spells.
Aiming: Shock (safe; 3% risk of failure)
Press: ? - help, Shift-Dir - straight line The zap misses the leopard gecko.
The zap hits the leopard gecko (2).
The leopard gecko is moderately wounded. (4/6) HP The leopard gecko bites you (4).
Casting: Shock (safe; 3% risk of failure)
Confirm with . or Enter, or press ? or * to list all spells.
Aiming: Shock (safe; 3% risk of failure)
Press: ? - help, Shift-Dir - straight line The zap hits the leopard gecko (2).
The leopard gecko is severely wounded. (2/6) HP The zap misses the leopard gecko.
The leopard gecko bites you (3).
* * * LOW HITPOINT WARNING * * *
The leopard gecko bites you (2).
You die...

≈..≈≈≈≈≈...≈≈≈≈≈P
≈≈≈.≈≈≈≈≈≈≈.≈≈≈≈PPP
≈≈..PP≈≈≈≈.≈≈≈≈≈PPP≈
≈≈≈...≈≈≈.≈≈≈≈≈≈≈P≈P≈
≈...≈.....≈≈≈≈≈≈P≈PPP
..≈.≈≈≈≈.≈≈≈≈≈≈≈≈P.P.
.≈P.≈≈≈≈..≈≈........
.≈≈..≈≈..###....≈##
...≈...@#≈≈≈≈..†##
.≈.≈.≈≈.l..##<...#
≈PP..≈≈≈#...#....#
P≈≈≈..≈≈#..≈#≈..##
PP≈≈≈b≈≈...##....≈
.≈≈≈.....≈.≈P.≈..≈#
..≈≈b≈≈.≈##.#####≈.#
.≈≈≈≈≈≈.≈#[$# .≈# ##
##


You could see a leopard gecko.

Vanquished Creatures
  A giant cockroach (D:1)
  A cinder newt (D:1)
  An ooze (D:1)
  A leopard gecko (D:1)
  A ball python (D:1)
  3 goblins (D:1)
  4 hobgoblins (D:1)
  4 bats (D:1)
  3 rats
19 creatures vanquished.

Vanquished Creatures (others)
  2 withered plants (D:2)
2 creatures vanquished.

Grand Total: 21 creatures vanquished

Notes
Turn   | Place    | Note
-------+----------+-------------------------------------------
     0 | D:1      | Kalegnar the Fairy Air Elementalist began the quest for the
                  | Orb.
     0 | D:1      | Reached XP level 1. HP: 3/3 MP: 3/3
    17 | D:1      | Reached XP level 2. HP: 2/3 MP: 3/3
    21 | D:1      | Learned a level 2 spell: Swiftness
    95 | D:1      | Reached XP level 3. HP: 4/4 MP: 3/3
   100 | D:1      | Learned a level 3 spell: Static Discharge
   265 | D:1      | Reached skill level 4 in Air Magic
   668 | D:2      | Slain by a leopard gecko

Levels and vault maps discovered:
D:1:      beargit_arrival_greenhouse, layout_basic
D:2:      layout_sewer, sewer_frog_pond, minmay_octomino_e4, uniq_purgy

Skill      XL: |  1  2  3 |
---------------+----------+-----
Spellcasting   | 3 |  3.2
Air Magic      | 4 |  4.1
Dodging        | |  2.6
Stealth        | |  1.4

Action                   || total
-------------------------++-------
 Cast: Shock             ||    41
 Abil: Fly               ||     1
Dodge: Dodged            ||     5
